[Event "fics rated crazyhouse match"]
[Site "fics, Oklahoma City, OK USA"]
[Date "2000.03.08"]
[White "Eyefor"]
[WhiteElo "2416"]
[Black "LordPixel"]
[BlackElo "2406"]
[TimeControl "0+1"]
[Result "1-0"]

1. e4 Nf6 2. Nc3 d5 3. exd5 Nxd5 4. Nf3 e6 5. d4 Nxc3 6. bxc3 
N@e4 7. P@b2 Nxf2 8. Kxf2 P@e4 9. Bb5+ P@c6 10. Bg5 f6 11. Ne5 fxg5 
12. Bxc6+ Nxc6 13. Qh5+ B@g6 14. P@f7+ Ke7 15. Qxg5+ B@f6 16. Qxf6+ gxf6 17. B@c5+ 
Q@d6 18. Bxd6+ cxd6 19. N@g8+ Rxg8 20. Nxc6+ bxc6 21. fxg8=Q e3+ 22. Ke1 B@d2+ 
23. Kf1 Bxc3 24. bxc3 N@d2+ 25. Ke1 P@f2+ 26. Kd1 N@e4 27. Q@d3 Bh6 28. Qxd8+ 
Kxd8 29. R@h8+ Be8 30. N@f7+ Kc7 31. B@d8+ Kb8 32. Q@c7# 
{LordPixel checkmated} 1-0

[Event "fics rated crazyhouse match"]
[Site "fics, Oklahoma City, OK USA"]
[Date "2000.03.08"]
[White "LordPixel"]
[WhiteElo "2398"]
[Black "Eyefor"]
[BlackElo "2424"]
[TimeControl "0+1"]
[Result "0-1"]

1. e4 Nf6 2. Nc3 e6 3. e5 Nd5 4. d4 Bb4 5. Bd2 Nxc3 6. bxc3 
N@b2 7. Qb1 Bxc3 8. Bxc3 Na4 9. N@b5 P@a6 10. B@g5 Nxc3 11. Bxd8 B@d2+ 
12. Kxd2 Nxb1+ 13. Rxb1 Kxd8 14. B@g5+ f6 15. N@f7+ Ke8 16. Nxc7+ Kxf7 17. P@g6+ 
hxg6 18. exf6 Q@a5+ 19. Kc1 Qxg5+ 20. Q@e3 Qxe3+ 21. fxe3 Q@e1+ 22. Kb2 P@c3+ 
23. Ka3 B@c1+ 24. Rxc1 Qxc1+ 25. Kb4 Qb2+ 26. Q@b3 B@d6+ 27. P@c5 Nc6+ 28. Kc4 
N@a5+ 29. Kd3 R@d2+ 30. Ke4 Nxb3 31. cxd6 Q@f5# 
{LordPixel checkmated} 0-1

[Event "fics rated crazyhouse match"]
[Site "fics, Oklahoma City, OK USA"]
[Date "2000.03.08"]
[White "LordPixel"]
[WhiteElo "2400"]
[Black "Eyefor"]
[BlackElo "2422"]
[TimeControl "0+1"]
[Result "1-0"]

1. e4 e6 2. d4 d6 3. Nf3 Nf6 4. Bd3 Nc6 5. c3 d5 6. e5 
Ne4 7. O-O Be7 8. Qc2 f5 9. exf6 Nxf6 10. P@g5 Ng4 11. Bxh7 Rxh7 
12. Qxh7 P@e4 13. R@g8+ Bf8 14. Qxg7 Qe7 15. Qxe7+ Nxe7 16. Q@h5+ Q@f7 17. Qxf7+ 
Kxf7 18. Q@h7+ B@g7 19. g6+ Ke8 20. Qxg7 Nxg8 21. B@b5+ R@c6 22. Bxc6+ Q@d7 
23. Qf7+ Kd8 24. Qxf8+ Qe8 25. Qxe8# 
{Eyefor checkmated} 1-0

[Event "fics rated crazyhouse match"]
[Site "fics, Oklahoma City, OK USA"]
[Date "2000.03.08"]
[White "Eyefor"]
[WhiteElo "2413"]
[Black "LordPixel"]
[BlackElo "2409"]
[TimeControl "0+1"]
[Result "1-0"]

1. d4 e6 2. Nc3 d6 3. e4 Nf6 4. Bb5+ Bd7 5. Bg5 e5 6. Bxf6 
Qxf6 7. N@d5 Qd8 8. dxe5 dxe5 9. P@e6 fxe6 10. Qh5+ P@f7 11. Qxe5 P@d6 
12. P@e7 dxe5 13. exd8=Q+ Kxd8 14. Q@g5+ P@e7 15. Nxc7 f6 16. Nxa8 fxg5 17. P@c7+ 
Ke8 18. cxb8=Q+ B@d8 19. Bxd7+ Kxd7 20. N@c5+ Ke8 21. B@d7+ Kf7 22. Bxe6+ Kg6 
23. P@f5+ Kh6 24. Qxd8 Q@b4 25. R@b5 Qxc5 26. Rxc5 N@d4 27. Qxd4 exd4 28. N@f7+ 
Kh5 29. Q@h3+ P@h4 30. g4# 
{LordPixel checkmated} 1-0

[Event "fics rated crazyhouse match"]
[Site "fics, Oklahoma City, OK USA"]
[Date "2000.03.08"]
[White "LordPixel"]
[WhiteElo "2401"]
[Black "Eyefor"]
[BlackElo "2421"]
[TimeControl "60+0"]
[Result "1-0"]

1. e4 Nf6 2. Nc3 e6 3. e5 Nd5 4. d4 Bb4 5. Bd2 Nxc3 6. bxc3 
N@b2 7. Qb1 Bxc3 8. Bxc3 Na4 9. Ne2 P@e4 10. B@h5 Rf8 11. Bb4 d6 
12. exd6 cxd6 13. P@h6 gxh6 14. N@g7+ Ke7 15. Ng3 P@f5 16. Bb5 Nb6 17. Bd2 
P@a6 18. Bxh6 axb5 19. P@f6+ Kxf6 20. N3xf5 exf5 21. P@e5+ dxe5 22. dxe5+ Kxe5 
23. P@f4+ Kd6 24. Nxf5+ Bxf5 25. Bxf8+ Qxf8 26. R@f6+ B@e6 27. Rxf5 B@c3+ 28. P@d2 
Bxd2+ 29. Kxd2 Nc4+ 30. Ke1 P@d2+ 31. Kf1 N@e3+ 32. fxe3 Nxe3+ 33. Kg1 P@f2+ 
34. Kxf2 Bxf5 35. B@c5+ Kxc5 36. B@b4+ Kc6 37. Bxf8 N@c3 38. Q@d6# 
{Eyefor checkmated} 1-0

[Event "fics rated crazyhouse match"]
[Site "fics, Oklahoma City, OK USA"]
[Date "2000.03.08"]
[White "Eyefor"]
[WhiteElo "2413"]
[Black "LordPixel"]
[BlackElo "2409"]
[TimeControl "60+0"]
[Result "0-1"]

1. e4 Nf6 2. Nc3 e6 3. e5 Nd5 4. d4 Bb4 5. Bd2 Nxc3 6. bxc3 
N@b2 7. Qb1 Bxc3 8. Bxc3 Na4 9. Ne2 P@e4 10. B@h5 Rf8 11. Bb4 d6 
12. exd6 cxd6 13. P@h6 gxh6 14. N@g7+ Ke7 15. Ng3 P@f5 16. Bb5 Nb6 17. Bd2 
P@a6 18. Bxh6 axb5 19. P@f6+ Kxf6 20. N3xf5 exf5 21. P@e5+ dxe5 22. dxe5+ Kxe5 
23. P@f4+ Kd6 24. Nxf5+ Bxf5 25. Bxf8+ Qxf8 26. R@f6+ B@e6 27. Rxf5 B@c3+ 28. P@d2 
Bxd2+ 29. Kxd2 N@c4+ 30. Ke1 P@d2+ 31. Kf1 N@e3+ 32. fxe3 Nxe3+ 33. Kg1 P@f2+ 
34. Kxf2 Bxf5 35. Bxf7 Ng4+ 36. Kf1 R@c1+ 37. Ke2 Rxb1 38. Raxb1 Q@f2+ 39. Kd1 
Ne3# 
{Eyefor checkmated} 0-1

[Event "fics rated crazyhouse match"]
[Site "fics, Oklahoma City, OK USA"]
[Date "2000.03.08"]
[White "LordPixel"]
[WhiteElo "2417"]
[Black "Eyefor"]
[BlackElo "2405"]
[TimeControl "60+0"]
[Result "1-0"]

1. e4 e6 2. d4 Nf6 3. e5 Nd5 4. Nf3 d6 5. exd6 cxd6 6. Be2 
Nb4 7. a3 N4c6 8. P@b5 Ne7 9. Nc3 P@c7 10. Ng5 Nd5 11. Bh5 g6 
12. Nxd5 exd5 13. Bf3 Qe7+ 14. Qe2 Qxe2+ 15. Bxe2 N@g4 16. Bxg4 Q@e7+ 17. Q@e3 
Bxg4 18. N@f6+ Kd8 19. Qxe7+ Bxe7 20. Nxf7+ Kc8 21. Nxg4 Q@e6+ 22. N@e5 B@a5+ 
23. P@b4 dxe5 24. Ngxe5 Rf8 25. bxa5 Rxf7 26. Q@e8+ N@d8 27. B@h3 N@f5 28. Bxf5 
Rxf5 29. Qh8 Rxe5+ 30. dxe5 N@f7 31. Qxh7 Qxe5+ 32. R@e2 B@e4 33. B@h3+ P@d7 
34. P@d3 Nd6 35. dxe4 dxe4 36. B@f4 Qxb5 37. Qxe7 P@f3 38. gxf3 exf3 39. Bxd6 
cxd6 40. Rd2 P@g2 41. Rg1 Qxa5 42. Rxg2 fxg2 43. N@b6+ axb6 44. Bxg2 R@e5+ 
45. Qxe5 dxe5 46. N@e7+ Kc7 47. P@d6# 
{Eyefor checkmated} 1-0

[Event "fics rated crazyhouse match"]
[Site "fics, Oklahoma City, OK USA"]
[Date "2000.03.08"]
[White "Eyefor"]
[WhiteElo "2397"]
[Black "LordPixel"]
[BlackElo "2425"]
[TimeControl "60+0"]
[Result "0-1"]

1. d4 e6 2. Nc3 d6 3. e4 Nf6 4. Bg5 Nc6 5. Nf3 Be7 6. Bxf6 
Bxf6 7. Bb5 B@g4 8. N@f4 Bxf3 9. gxf3 N@b4 10. Bxc6+ bxc6 11. N@e3 B@g5 
12. B@g3 e5 13. dxe5 Bxe5 14. Neg2 Qf6 15. Ncd5 cxd5 16. P@d7+ Bxd7 17. Nh5 
P@d2+ 18. Qxd2 Bxd2+ 19. Kxd2 Q@g5+ 20. Ngf4 Bxf4+ 21. Nxf4 N@c4+ 22. Ke2 Qxb2 
23. Nxd5 Qd2+ 24. Kf1 Qxa1+ 25. B@b1 R@e1+ 26. Kg2 P@h3# 
{Eyefor checkmated} 0-1

[Event "fics rated crazyhouse match"]
[Site "fics, Oklahoma City, OK USA"]
[Date "2000.03.08"]
[White "LordPixel"]
[WhiteElo "2432"]
[Black "Eyefor"]
[BlackElo "2390"]
[TimeControl "60+0"]
[Result "1-0"]

1. e4 e6 2. d4 Nf6 3. e5 Nd5 4. Nf3 d6 5. exd6 cxd6 6. Be2 
Nf4 7. Bxf4 Nc6 8. P@b5 Nb4 9. Bd2 Nd5 10. N@g5 P@c7 11. Nxf7 Kxf7 
12. Ng5+ Ke7 13. c4 Nf6 14. P@e5 N@e4 15. exf6+ Nxf6 16. N@f7 Qd7 17. Nxh8 
Ke8 18. Bh5+ Nxh5 19. Qxh5+ B@g6 20. Nxg6 hxg6 21. Qxg6+ P@f7 22. R@d8+ Kxd8 
23. Nxf7+ Qxf7 24. Qxf7 N@d3+ 25. Ke2 R@e8 26. B@g5+ N@e7 27. Q@g6 Bd7 28. Qxd3 
e5 29. dxe5 dxe5 30. N@e6+ Kc8 31. Qxe8+ Bxe8 32. Qd8# 
{Eyefor checkmated} 1-0

[Event "fics rated crazyhouse match"]
[Site "fics, Oklahoma City, OK USA"]
[Date "2000.03.09"]
[White "spurs"]
[WhiteElo "2350"]
[Black "PJK"]
[BlackElo "2080"]
[TimeControl "60+0"]
[Result "0-1"]

1. d4 e6 2. Nf3 Nf6 3. Bg5 Bb4+ 4. Nbd2 Be7 5. e4 d5 6. Bxf6 
Bxf6 7. e5 Bg5 8. Bb5+ c6 9. Bd3 B@e7 10. Nxg5 Bxg5 11. N@f3 Kf8 
12. B@f6 Bxf6 13. Ng5 Bxg5 14. h4 Bf4 15. Nf3 N@g4 16. h5 Nxf2 17. Kxf2 
N@g4+ 18. Ke2 P@e4 19. Bxe4 dxe4 20. Nh4 B@f5 21. Nxf5 exf5 22. h6 N@g3+ 
23. Ke1 B@f2# 
{spurs checkmated} 0-1

[Event "fics rated crazyhouse match"]
[Site "fics, Oklahoma City, OK USA"]
[Date "2000.03.09"]
[White "PJK"]
[WhiteElo "2180"]
[Black "spurs"]
[BlackElo "2337"]
[TimeControl "60+0"]
[Result "0-1"]

1. e4 e6 2. Nf3 d5 3. exd5 exd5 4. d4 Bg4 5. Be2 Bb4+ 6. Nc3 
Bxc3+ 7. bxc3 Bxf3 8. Bxf3 Qe7+ 9. P@e5 P@e4 10. Bg4 N@h6 11. Bxh6 Nxh6 
12. N@f5 Nxf5 13. Bxf5 N@f4 14. B@h3 B@e2 15. Qd2 Qg5 16. B@d7+ Kf8 17. N@g3 
Nxg2+ 18. Kxe2 P@f3+ 19. Kd1 Qxd2+ 20. Kxd2 N@c4+ 21. Kc1 Q@d2+ 22. Kb1 Qxc3 
23. Q@b3 Nd2+ 24. Kc1 P@b2+ 25. Kd1 bxa1=Q+ 26. B@c1 Qxc1+ 27. Kxc1 R@a1# 
{PJK resigns} 0-1

[Event "fics rated crazyhouse match"]
[Site "fics, Oklahoma City, OK USA"]
[Date "2000.03.09"]
[White "spurs"]
[WhiteElo "2342"]
[Black "PJK"]
[BlackElo "2149"]
[TimeControl "60+0"]
[Result "1-0"]

1. d4 e6 2. Nf3 Nf6 3. Bg5 Be7 4. Nc3 d5 5. Bxf6 Bxf6 6. e4 
B@b4 7. e5 Bg5 8. Nxg5 Qxg5 9. N@f3 Qf4 10. B@g5 Qe4+ 11. Be2 Bxc3+ 
12. bxc3 Nc6 13. B@d3 Qg4 14. Bb5 N@e4 15. Bxc6+ bxc6 16. Be3 Nxf2 17. Bxf2 
N@e4 18. Rf1 Nxc3 19. N@e3 Nxd1 20. Nxg4 Nxf2 21. Nxf2 P@e3 22. Ng4 P@f2+ 
23. Kd1 B@e7 24. N@h5 B@f8 25. N@f6+ Bxf6 26. Nhxf6+ gxf6 27. Nxf6+ Ke7 28. Q@e8# 
{PJK checkmated} 1-0

[Event "fics rated crazyhouse match"]
[Site "fics, Oklahoma City, OK USA"]
[Date "2000.03.09"]
[White "spurs"]
[WhiteElo "2346"]
[Black "Korchnoj"]
[BlackElo "2158"]
[TimeControl "60+0"]
[Result "1-0"]

1. d4 e6 2. Nf3 d6 3. Bg5 Be7 4. Bxe7 Qxe7 5. e4 Nf6 6. Nc3 
Nc6 7. Bb5 O-O 8. Bxc6 bxc6 9. e5 Ng4 10. B@h4 Qd7 11. Ne4 B@f5 
12. N@f6+ Kh8 13. Nxd7 Bxe4 14. Nxf8 Bxf3 15. Qxf3 Ba6 16. Qxf7 B@d2+ 17. Kxd2 
N@e4+ 18. Kc1 N@e2+ 19. Kd1 Ngxf2+ 20. Bxf2 Nxf2+ 21. Qxf2 Nxd4 22. N@f7+ Kg8 
23. R@h8# 
{Korchnoj checkmated} 1-0

[Event "fics rated crazyhouse match"]
[Site "fics, Oklahoma City, OK USA"]
[Date "2000.03.09"]
[White "Korchnoj"]
[WhiteElo "2154"]
[Black "spurs"]
[BlackElo "2350"]
[TimeControl "60+0"]
[Result "0-1"]

1. e4 e6 2. Nf3 d5 3. exd5 exd5 4. d4 Nf6 5. Be2 Bb4+ 6. Nc3 
Bxc3+ 7. bxc3 Nc6 8. O-O P@h3 9. gxh3 Bxh3 10. Re1 O-O 11. P@h6 Ng4 
12. hxg7 Re8 13. Ne5 Qf6 14. Nxg4 Bxg4 15. Bxg4 Rxe1+ 16. Qxe1 N@f3+ 17. Bxf3 
Qxf3 18. N@h6+ Kxg7 19. N@f5+ Kg6 20. R@g7+ Kh5 21. B@g4+ Qxg4+ 22. Rxg4 N@f3+ 
23. Kf1 P@g2+ 24. Rxg2 B@a6+ 25. P@d3 R@g5 26. B@g4+ Rxg4 27. Rxg4 B@h3+ 28. P@g2 
Bxg2+ 29. Rxg2 P@e2# 
{Korchnoj forfeits on time} 0-1

[Event "fics rated crazyhouse match"]
[Site "fics, Oklahoma City, OK USA"]
[Date "2000.03.09"]
[White "DonDanne"]
[WhiteElo "1993"]
[Black "Thufir"]
[BlackElo "2420"]
[TimeControl "60+0"]
[Result "1-0"]

1. d4 e6 2. Nf3 Nc6 3. Nc3 Nf6 4. Bf4 Bb4 5. e3 O-O 6. Bd3 
d6 7. O-O Bd7 8. Ne4 Nxe4 9. Bxe4 d5 10. Bd3 Be7 11. c3 N@e4 
12. Bxe4 dxe4 13. Ne5 Nxe5 14. dxe5 B@f5 15. N@h5 Bg6 16. N@f6+ gxf6 17. Nxf6+ 
Bxf6 18. exf6 Qxf6 19. B@e5 Qd8 20. N@h6# 
{Thufir checkmated} 1-0

[Event "fics rated crazyhouse match"]
[Site "fics, Oklahoma City, OK USA"]
[Date "2000.03.09"]
[White "Thufir"]
[WhiteElo "2411"]
[Black "DonDanne"]
[BlackElo "2002"]
[TimeControl "60+0"]
[Result "1-0"]

1. e4 e6 2. Nc3 Nc6 3. d4 Bb4 4. a3 Bxc3+ 5. bxc3 d6 6. Bd3 
Nf6 7. Nf3 O-O 8. e5 dxe5 9. dxe5 Nd5 10. Bd2 P@g4 11. Bxh7+ Kh8 
12. Ng5 Nxe5 13. B@d4 P@f6 14. Bxe5 fxe5 15. Qxg4 B@h6 16. Qh4 Bxg5 17. Bxg5 
Qxg5 18. Qxg5 Kxh7 19. Qh5+ B@h6 20. N@g5+ Kh8 21. Q@h7# 
{DonDanne checkmated} 1-0

[Event "fics rated crazyhouse match"]
[Site "fics, Oklahoma City, OK USA"]
[Date "2000.03.09"]
[White "DonDanne"]
[WhiteElo "2001"]
[Black "Thufir"]
[BlackElo "2412"]
[TimeControl "60+0"]
[Result "0-1"]

1. d4 e6 2. Nf3 d6 3. Bf4 Nf6 4. e3 Nd5 5. Bd3 Nxf4 6. exf4 
B@g4 7. O-O Nc6 8. h3 Bxf3 9. Qxf3 Nxd4 10. Qd1 Nc6 11. N@g5 P@f6 
12. Nf3 Be7 13. Nbd2 O-O 14. c3 f5 15. B@c2 f6 16. Nd4 Bd7 17. Re1 
Qc8 18. Nxe6 Bxe6 19. Rxe6 Qxe6 20. Bxf5 N@e2+ 21. Kh1 N@g3+ 22. fxg3 Nxg3+ 
23. Kh2 Nxf5 24. Bxf5 Qxf5 25. B@g4 Qxf4+ 26. P@g3 Qe5 27. N@f3 Qc5 28. P@e4 
B@f2 29. N@e6 Qb6 30. Nxf8 Rxf8 31. R@h4 N@g6 32. Rh5 B@f7 33. Rxh7 Kxh7 
34. Bf5 P@e6 35. Bxg6+ Bxg6 36. N@h4 P@f7 37. P@f5 exf5 38. exf5 Bxf5 39. Nxf5 
P@g6 40. N5h4 B@g5 41. B@e1 Bxe1 42. Qxe1 Bxh4 43. Nxh4 B@f2 44. P@f5 Bxg3+ 
45. Kxg3 N@e4+ 46. Kf3 R@g5 47. Ke2 gxf5 48. Nxe4 P@d3+ 49. Kxd3 fxe4+ 50. Kc2 
Qb5 51. Kb1 Qd3+ 52. P@c2 N@d2+ 53. Qxd2 Qxd2 54. B@c1 R@e1 55. N@d3 Qxc1+ 
56. Nxc1 Q@d1 57. a3 Qxc1+ 58. Ka2 Qxa1+ 59. Kb3 N@a5+ 60. Ka4 B@b5# 
{DonDanne checkmated} 0-1

[Event "fics rated crazyhouse match"]
[Site "fics, Oklahoma City, OK USA"]
[Date "2000.03.09"]
[White "ACC"]
[WhiteElo "2158"]
[Black "Kingwalker"]
[BlackElo "2266"]
[TimeControl "120+0"]
[Result "0-1"]

1. Nf3 e6 2. d4 a6 3. Nc3 b5 4. Bg5 Bb7 5. Bxd8 Kxd8 6. e4 
b4 7. d5 bxc3 8. dxe6 fxe6 9. P@f7 Nf6 10. e5 P@d2+ 11. Nxd2 cxd2+ 
12. Qxd2 Be7 13. exf6 Bxf6 14. Q@g8+ Rxg8 15. fxg8=Q+ N@e8 16. Qxe6 B@g6 17. Rd1 
N@d6 18. P@e5 dxe6 19. exf6 gxf6 20. B@a4 P@b5 21. Bfxb5 axb5 22. Bxb5 B@g5 
23. P@e3 Bxg2 24. Bxe8 Bxe8 25. P@e7+ Kxe7 26. N@g8+ Kd7 27. R@e7+ Kc6 28. Qc3+ 
B@c4 29. N@d4+ Kb7 30. P@c6+ Nxc6 31. P@a6+ Rxa6 32. Qxc4 Nxc4 33. B@b5 Nxd4 
34. Rxd4 P@d2+ 35. Rxd2 Nxd2 36. N@c5+ Kb6 37. Nd7+ Bxd7 
{ACC forfeits on time} 0-1

[Event "fics rated crazyhouse match"]
[Site "fics, Oklahoma City, OK USA"]
[Date "2000.03.09"]
[White "Kingwalker"]
[WhiteElo "2272"]
[Black "ACC"]
[BlackElo "2152"]
[TimeControl "120+0"]
[Result "1-0"]

1. e4 e6 2. d4 d5 3. e5 Nc6 4. Be3 Bb4+ 5. c3 Be7 6. Bd3 
a6 7. Nh3 Bf8 8. Nd2 Nge7 9. O-O Nf5 10. g4 Nxe3 11. fxe3 B@b5 
12. Bxb5 axb5 13. Qf3 B@g6 14. Nf4 Qe7 15. a3 Nb8 16. Nxd5 exd5 17. P@f5 
N@h4 18. Qxd5 c6 19. Qe4 Bgxf5 20. gxf5 Bxf5 21. N@d6+ Kd8 22. Nxf5 Nxf5 
23. Qxf5 P@e6 24. Qh3 N@e2+ 25. Kh1 P@f5 26. P@d6 Qd7 27. N@b6 Ra6 28. Nxd7 
Kxd7 29. Q@c7+ Ke8 30. Qxb8+ N@d8 31. N@c7+ Kd7 32. B@c8# 
{ACC checkmated} 1-0

[Event "fics rated crazyhouse match"]
[Site "fics, Oklahoma City, OK USA"]
[Date "2000.03.09"]
[White "ACC"]
[WhiteElo "2147"]
[Black "Kingwalker"]
[BlackElo "2277"]
[TimeControl "120+0"]
[Result "0-1"]

1. Nf3 e6 2. d4 a6 3. Nc3 b5 4. a3 Bb7 5. Bg5 f6 6. Bf4 
Ne7 7. e4 Ng6 8. Bg3 b4 9. axb4 Bxb4 10. d5 O-O 11. dxe6 dxe6 
12. Bxc7 Qxc7 13. P@f5 Nf4 14. fxe6 Bxe4 15. P@f7+ Kh8 16. P@d3 P@e2 17. Bxe2 
Nxg2+ 18. Kf1 B@h3 19. Kg1 Bb7 20. P@g3 P@e3 21. fxe3 Nxe3 22. Qe1 P@g2 
23. Qf2 gxh1=Q+ 24. Kxh1 P@g2+ 25. Qxg2 Bxg2+ 26. Kg1 Bbxf3 27. Bxf3 Bxf3 28. Kf2 
N@g4+ 29. Kxf3 R@f2+ 30. Ke4 f5+ 31. Kd4 P@e5# 
{ACC checkmated} 0-1

[Event "fics rated crazyhouse match"]
[Site "fics, Oklahoma City, OK USA"]
[Date "2000.03.09"]
[White "Kingwalker"]
[WhiteElo "2282"]
[Black "ACC"]
[BlackElo "2142"]
[TimeControl "120+0"]
[Result "1-0"]

1. e4 e6 2. d4 d5 3. e5 Ne7 4. Be3 Nf5 5. Bd3 Nxe3 6. fxe3 
Nc6 7. Nh3 B@e4 8. O-O Bxd3 9. cxd3 B@f5 10. Nf4 Be7 11. Nc3 Bg5 
12. N@h5 Rg8 13. Rc1 Ne7 14. Nxg7+ Rxg7 15. P@f6 Rg8 16. fxe7 Bxe7 17. e4 
dxe4 18. dxe4 N@e3 19. exf5 Nxd1 20. Rcxd1 P@e3 21. f6 P@f2+ 22. Kh1 Bf8 
23. P@e7 Bxe7 24. fxe7 Qxe7 25. N@f6+ Qxf6 26. exf6 Q@g1+ 27. Rxg1 fxg1=Q+ 28. Kxg1 
P@f2+ 29. Kf1 R@e1+ 30. Rxe1 fxe1=Q+ 31. Kxe1 P@d2+ 32. Ke2 R@e1+ 33. Kd3 d1=Q+ 
34. Nxd1 Rxd1+ 35. Kc3 N@e4+ 36. Kb3 N@c1+ 37. Ka3 Nxf6 38. N@b5 P@b4+ 39. Kxb4 
Nd3+ 40. Ka3 Nxf4 41. B@c5 N@c4+ 42. Kb4 a5+ 43. Kxc4 Rc1+ 44. P@c3 Bd7 
45. Q@e7# 
{ACC checkmated} 1-0

[Event "fics rated crazyhouse match"]
[Site "fics, Oklahoma City, OK USA"]
[Date "2000.03.10"]
[White "Eyefor"]
[WhiteElo "2388"]
[Black "LordPixel"]
[BlackElo "2439"]
[TimeControl "180+0"]
[Result "1-0"]

1. d4 e6 2. Nc3 d6 3. e4 h6 4. Bb5+ Bd7 5. Bf4 Nf6 6. Bxd7+ 
Nbxd7 7. Nf3 B@b4 8. Qe2 Bxc3+ 9. bxc3 N@a4 10. B@a5 Ng4 11. B@h5 e5 
12. Qc4 Qe7 13. dxe5 Nxf2 14. exd6 cxd6 15. Bxf7+ Qxf7 16. Qxf7+ Kxf7 17. P@g6+ 
Kxg6 18. Q@f5# 
{LordPixel checkmated} 1-0

[Event "fics rated crazyhouse match"]
[Site "fics, Oklahoma City, OK USA"]
[Date "2000.03.10"]
[White "venomous"]
[WhiteElo "2406"]
[Black "Gobi"]
[BlackElo "2204"]
[TimeControl "180+0"]
[Result "0-1"]

1. b3 e5 2. Bb2 Nc6 3. e3 d6 4. Bb5 Bd7 5. Nf3 Be7 6. d4 
exd4 7. Nxd4 Nf6 8. Bxc6 bxc6 9. Nd2 B@d5 10. N@f4 c5 11. Nxd5 Nxd5 
12. B@f3 cxd4 13. Bxd5 P@c3 14. Bxa8 Qxa8 15. N@a6 cxd2+ 16. Qxd2 Qxg2 17. O-O-O 
P@c3 18. Nxc7+ Kd8 19. Bxc3 dxc3 20. R@b8+ B@c8 21. Qxc3 N@e2+ 22. Kb2 Nxc3 
23. P@b7 N@a4+ 24. bxa4 Nxa4+ 25. Kc1 P@d2+ 26. Kxd2 Qxf2+ 27. P@e2 B@c3+ 28. Kd3 
Q@d4+ 29. exd4 
{venomous resigns} 0-1

[Event "fics rated crazyhouse match"]
[Site "fics, Oklahoma City, OK USA"]
[Date "2000.03.10"]
[White "Gobi"]
[WhiteElo "2216"]
[Black "venomous"]
[BlackElo "2394"]
[TimeControl "180+0"]
[Result "1-0"]

1. e4 e6 2. d4 Nc6 3. Nf3 Nf6 4. Bd3 d5 5. e5 Ne4 6. Be3 
Be7 7. O-O Bd7 8. Nc3 Nxc3 9. bxc3 N@e4 10. Qe1 O-O 11. Rb1 Rb8 
12. c4 f5 13. exf6 Bxf6 14. cxd5 exd5 15. P@e5 Be7 16. P@f6 Rxf6 17. exf6 
Bxf6 18. N@e5 P@g4 19. Rxb7 Nxe5 20. Nxe5 Bxe5 21. Rxb8 Bxh2+ 22. Kxh2 g3+ 
23. Kh1 Qxb8 24. P@f7+ Kxf7 25. N@e5+ Kg8 26. B@f7+ Kh8 27. Ng6+ hxg6 28. R@h4+ 
P@h7 29. Bxe4 dxe4 30. Rxh7+ Kxh7 31. N@g5+ Kh6 32. R@h7# 
{venomous checkmated} 1-0

[Event "fics rated crazyhouse match"]
[Site "fics, Oklahoma City, OK USA"]
[Date "2000.03.10"]
[White "venomous"]
[WhiteElo "2382"]
[Black "Gobi"]
[BlackElo "2228"]
[TimeControl "180+0"]
[Result "0-1"]

1. e4 e5 2. Nf3 Nc6 3. Bb5 Bc5 4. Bxc6 dxc6 5. O-O Bg4 6. Nc3 
B@h5 7. N@e1 Nf6 8. d3 h6 9. Be3 Bxe3 10. fxe3 B@b6 11. Qd2 Bxf3 
12. Nxf3 Ng4 13. Rae1 Nxe3 14. Rxe3 Bxe3+ 15. Qxe3 P@d4 16. N@f5 R@g4 17. Nxe5 
dxe3 18. Nxg4 Bxg4 19. Nxg7+ Kf8 20. B@e5 Qg5 21. B@f4 N@h3+ 22. gxh3 Bxh3# 
{venomous resigns} 0-1

[Event "fics rated crazyhouse match"]
[Site "fics, Oklahoma City, OK USA"]
[Date "2000.03.10"]
[White "Gobi"]
[WhiteElo "2239"]
[Black "venomous"]
[BlackElo "2371"]
[TimeControl "180+0"]
[Result "0-1"]

1. e4 e6 2. d4 Nc6 3. Nf3 Nf6 4. e5 Nd5 5. Bd3 d6 6. Nc3 
dxe5 7. Nxe5 Nxe5 8. dxe5 Nxc3 9. bxc3 N@h4 10. Qg4 P@f5 11. Qh3 N@c5 
12. Bb5+ Bd7 13. Bxd7+ Nxd7 14. B@g5 Nxg2+ 15. Qxg2 P@f6 16. Qxb7 Rb8 17. Qxa7 
Nxe5 18. P@g2 fxg5 19. Bxg5 P@d2+ 20. Bxd2 B@c5 21. Qxb8 Qxb8 22. P@d4 B@b5 
23. P@e2 Q@g4 24. N@f4 Ng6 25. R@g3 Nxf4 26. Rxg4 fxg4 27. Bxf4 R@e4 28. P@e3 
N@h4 29. f3 Nxg2+ 30. Kf2 Nxf4 31. fxe4 Nh3# 
{Gobi forfeits on time} 0-1

[Event "fics rated crazyhouse match"]
[Site "fics, Oklahoma City, OK USA"]
[Date "2000.03.10"]
[White "venomous"]
[WhiteElo "2376"]
[Black "Gobi"]
[BlackElo "2234"]
[TimeControl "180+0"]
[Result "1-0"]

1. e4 e5 2. Nf3 Nc6 3. Bc4 Bc5 4. O-O Nf6 5. Nc3 d6 6. h3 
Be6 7. Bxe6 fxe6 8. B@b3 Qe7 9. d3 B@h5 10. Bg5 O-O 11. Na4 Bxf3 
12. Qxf3 Nd4 13. Qd1 N@e2+ 14. Kh1 Nxb3 15. axb3 B@h5 16. Nxc5 dxc5 17. B@h4 
Ng3+ 18. fxg3 Bxd1 19. Raxd1 Q@e2 20. B@g1 Qxc2 21. Rd2 Qxb3 22. B@c4 Qb6 
23. N@f5 Qd7 24. Nxg7 Qxg7 25. Bxf6 Rxf6 26. Bxf6 N@h5 27. P@f7+ Kxf7 28. Bxg7+ 
Kxg7 29. Q@f7+ Kh8 30. N@g6+ hxg6 31. R@h7# 
{Gobi checkmated} 1-0

[Event "fics rated crazyhouse match"]
[Site "fics, Oklahoma City, OK USA"]
[Date "2000.03.10"]
[White "Gobi"]
[WhiteElo "2229"]
[Black "venomous"]
[BlackElo "2381"]
[TimeControl "180+0"]
[Result "0-1"]

1. e4 e6 2. d4 Nc6 3. Nf3 Nf6 4. e5 Nd5 5. a3 d6 6. c4 
Nb6 7. exd6 cxd6 8. Nc3 P@b4 9. axb4 Nxb4 10. Bg5 Be7 11. Bxe7 Qxe7 
12. P@c5 P@g4 13. cxd6 Qxd6 14. P@c5 Qd7 15. cxb6 gxf3 16. B@a4 B@c6 17. N@c7+ 
Kf8 18. Nxa8 Bxa4 19. Rxa4 N@c2+ 20. Kd2 Qxd4+ 21. P@d3 B@e3# 
{Gobi resigns} 0-1

[Event "fics rated crazyhouse match"]
[Site "fics, Oklahoma City, OK USA"]
[Date "2000.03.10"]
[White "venomous"]
[WhiteElo "2386"]
[Black "Gobi"]
[BlackElo "2224"]
[TimeControl "180+0"]
[Result "1-0"]

1. e4 e5 2. Nf3 Nc6 3. Nc3 Nf6 4. d3 Bc5 5. Be2 d6 6. O-O 
Be6 7. Bg5 Nd4 8. Nxd4 Bxd4 9. N@h5 Rg8 10. Nd5 Bxd5 11. exd5 Nxd5 
12. Bxd8 Rxd8 13. B@e4 N@f6 14. Bxd5 Nxd5 15. Bf3 N@f6 16. Bxd5 Nxd5 17. Qf3 
B@e6 18. Qxd5 Bxd5 19. N@f6+ gxf6 20. Nxf6+ Kf8 21. N@d7+ Kg7 22. Nxd5 N@g4 
23. Q@h4 Kh8 24. B@f5 Q@h6 25. Qxh6 Nxh6 26. P@g4 Nxf5 27. Q@f6+ Ng7 28. Qxf7 
B@e6 29. Qxe6 Nxe6 30. N@f7+ Kg7 31. Nxd8 Nxd8 32. B@f6+ Kf7 33. R@e7+ Kg6 
34. P@f5+ Kh6 35. g5+ Rxg5 36. Bxg5+ Kxg5 37. h4# 
{Gobi forfeits on time} 1-0

[Event "fics rated crazyhouse match"]
[Site "fics, Oklahoma City, OK USA"]
[Date "2000.03.10"]
[White "Gobi"]
[WhiteElo "2219"]
[Black "venomous"]
[BlackElo "2391"]
[TimeControl "180+0"]
[Result "0-1"]

1. e4 e6 2. d4 Nc6 3. Nf3 Nf6 4. Nc3 Bb4 5. e5 Ne4 6. Bd2 
Nxd2 7. Qxd2 B@h5 8. N@g3 Bxf3 9. gxf3 d6 10. B@g5 f6 11. exf6 gxf6 
12. Bh6 N@h4 13. P@g2 Qe7 14. O-O-O P@a3 15. bxa3 Bxa3+ 16. Kb1 Rg8 17. d5 
Ne5 18. Nb5 Bc5 19. P@d4 a6 20. Nc3 P@b4 21. Nce4 exd5 22. Nxc5 dxc5 
23. dxe5 N@c3+ 24. Qxc3 bxc3 25. B@a3 P@b2 26. N@b3 Rxg3 27. hxg3 N@b5 28. R@a4 
Nxa3+ 29. Rxa3 B@b4 30. N@g7+ Kd8 31. Bb5 Bxa3 32. N@d3 R@a1+ 33. Nxa1 bxa1=Q+ 
34. Kxa1 Bb2+ 35. Nxb2 cxb2+ 36. Kxb2 Qxe5+ 37. P@d4 P@c3+ 38. Kxc3 Q@b4+ 39. Kd3 
Qbxd4# 
{Gobi checkmated} 0-1